 Dungeon Crawl Stone Soup version 0.25-a0-734-g73332aeda9 (webtiles) character file.

Game seed: 7800705143492171275, levelgen mode: deterministic

9 Maedhros the Charlatan (level 2, -2/18 HPs)
             Began as an Octopode Artificer on Apr 10, 2020.
             Slain by an adder (4 damage)
             ... on level 3 of the Dungeon.
             The game lasted 00:00:32 (341 turns).

Maedhros the Charlatan (Octopode Artificer)          Turns: 341, Time: 00:00:33

Health: -2/18      AC:  1    Str: 11    XL:     2   Next: 12%
Magic:  4/4        EV: 13    Int: 13    God:
Gold:   9          SH:  0    Dex: 12    Spells: 1/1 levels left

rFire    . . .     SeeInvis .   a - +0 short sword
rCold    . . .     Gourm    .   (no shield)
rNeg     . . .     Faith    .   (helmet restricted)
rPois    .         Spirit   .   (no amulet)
rElec    .         Reflect  .   (no ring)
rCorr    .         Harm     .   (no ring)
MR       .....                  (no ring)
Stlth    +++.......             (no ring)
HPRegen  0.06/turn              (no ring)
MPRegen  0.09/turn              (no ring)
                                (no ring)
                                (no ring)

@: lethally poisoned (-2 -> -7)
A: almost no armour, stealthy swim, amphibious, 8 rings, constrict 8, camouflage
1, gelatinous body 1
a: no special abilities


You were on level 3 of the Dungeon.
You were not hungry.

You visited 1 branch of the dungeon, and saw 3 of its levels.

You collected 9 gold pieces.

Inventory:

Hand Weapons
 a - a +0 short sword (weapon)
Missiles
 e - 15 poisoned darts (quivered)
Wands
 b - a wand of flame (14)
 c - a wand of enslavement (14)
 d - a wand of random effects (15)
Scrolls
 g - a scroll of teleportation {unknown}
Comestibles
 f - 2 rations


   Skills:
 - Level 1.0 Fighting
 - Level 1.0 Short Blades
 - Level 2.0 Dodging
 + Level 2.3 Stealth
 + Level 3.6 Evocations


You had one spell level left.
You didn't know any spells.
Your spell library was empty.

Dungeon Overview and Level Annotations

Branches:
Dungeon (3/15)

Altars:


Innate Abilities, Weirdness & Mutations

You cannot wear most types of armour.
You are very stealthy in the water. (Stealth+)
You are amphibious.
You can wear up to eight rings at the same time.
You can use your tentacles to constrict eight enemies at once.
Your skin changes colour to match your surroundings (Stealth+).
Your rubbery body absorbs attacks. (AC +1, EV +1)


Message History

The adder is lightly wounded.
The leopard gecko barely misses you. The adder closely misses you.
Your adder bites the leopard gecko.
The leopard gecko dies!
The adder misses you.
Evoke which item? (* to show all) (? for menu, Esc to quit)
Aiming: Throw Flame
Press: ? - help, Shift-Dir - straight line, f - adder, p - adder
Aim: an adder (lightly wounded)
The puff of flame hits the adder.
The adder is heavily wounded.
The adder bites you.
* * * LOW HITPOINT WARNING * * *
You are lethally poisoned!
The adder poisons you!
Your adder barely misses the adder.
You aren't carrying any potions.
* * * LOW HITPOINT WARNING * * *
You feel sick.
Your adder closely misses the adder.
The adder bites you.
You die...

.........<......
...............#
.......<.....# #
..........#..#.#
.........).....#
............####
....#.....#S#
......#####S#####
...##.#....@....#
.. #$#.........#
#.........#
...............
............###
..#...!.......
............#..
...........#..


You could see an adder and a friendly adder.

Vanquished Creatures
  A giant cockroach (D:2)
  A goblin (D:1)
  2 hobgoblins (D:2)
  2 rats (D:2)
6 creatures vanquished.

Vanquished Creatures (collateral kills)
  A leopard gecko (D:3)
  A kobold (D:3)
2 creatures vanquished.

Grand Total: 8 creatures vanquished

Notes
Turn   | Place    | Note
-------+----------+-------------------------------------------
     0 | D:1      | Maedhros the Octopode Artificer began the quest for the
                  | Orb.
     0 | D:1      | Reached XP level 1. HP: 13/13 MP: 3/3
   307 | D:2      | Reached XP level 2. HP: 18/18 MP: 4/4
   341 | D:3      | Slain by an adder

Levels and vault maps discovered:
D:1:      minmay_arrival_stair_chambers, layout_basic
D:2:      layout_loops_corners, makhleb_altar_promises_db,
          chequers_ecumenical_altar_twisty
D:3:      layout_rooms, nicolae_overflow_crystal_walls

Skill      XL: |  1 |
---------------+----+-----
Stealth        | 2 |  2.3
Fighting       | |  1.0
Short Blades   | |  1.0
Dodging        | |  2.0
Evocations     | |  3.6

Action                   || total
-------------------------++-------
Melee: Short sword       ||    17
       Constrict         ||     3
       Tentacles         ||     1
Evoke: Wand              ||     2
 Stab: Sleeping          ||     3
Dodge: Dodged            ||    10

Table legend:
 A = Non-vault XP
 B = Vault XP
 C = Vault XP percentage of total XP
 D = Non-vault monster count
 E = Vault monster count
 F = Vault count percentage of total count
                 A         B        C        D         E       F
            +---------+---------+-------+---------+---------+-------
      Total |      13 |       0 |   0.0 |       8 |       0 |   0.0
            +---------+---------+-------+---------+---------+-------
        D:1 |       2 |       0 |   0.0 |       1 |       0 |   0.0
        D:2 |       8 |       0 |   0.0 |       5 |       0 |   0.0
        D:3 |       3 |       0 |   0.0 |       2 |       0 |   0.0
            +---------+---------+-------+---------+---------+-------
